Map: King's Cove LE

Players

Krystianer

  • Race: Protoss Protoss
  • League: Master
  • Spawn Location: 11:00

LiquidClem (Clem) - Winner!

  • Race: Terran Terran
  • League: Grandmaster
  • Spawn Location: 5:00

VOD

Have the link to the VOD?

Description

Time

  • Played on: Jan. 15, 2025, 6:29 a.m.
  • Length: 16:10
Show
View Real Time Build Order
Export as new Build Order

Krystianer Protoss 

Build Orders: 1 Gate Expand, Blink Stalkers 

Get SALT Encoding   

  12  0:00  Probe  
  13  0:12  Probe  
  14  0:17  Pylon  
  14  0:23  Probe  
  15  0:31  Probe  
  16  0:36  Gateway  
  16  0:39  Probe  
  16  0:47  Assimilator  
  17  0:50  Probe  
  18  1:03  Probe  
  19  1:15  Probe  
  20  1:24  Cybernetics Core  
  20  1:33  Nexus  
  20  1:37  Probe  
  21  1:43  Pylon  
  21  1:49  Probe  
  21  1:50  Assimilator  
  21  1:51  Adept  
  22  2:01  Probe  
  23  2:04  Warp Gate  
  25  2:11  Adept  
  25  2:13  Probe  
  28  2:25  Probe  
  28  2:27  Twilight Council  
  28  2:38  Stalker  
  29  2:45  Probe x2  
  30  2:55  Probe  
  30  2:58  Probe  
  31  3:03  Probe  
  32  3:07  Blink  
  32  3:10  Probe  
  34  3:15  Probe  
  35  3:22  Probe  
  36  3:27  Probe  
  36  3:33  Gateway  
  38  3:34  Probe  
  38  3:39  Probe  
  39  3:42  Robotics Facility  
  39  3:46  Probe  
  38  3:52  Stalker  
  38  3:54  Probe  
  39  3:58  Probe  
  36  4:05  Probe  
  35  4:10  Probe  
  35  4:13  Probe  
  35  4:21  Nexus  
  35  4:23  Probe  
  37  4:24  Probe  
  37  4:29  Observer  
  39  4:32  Probe  
  39  4:35  Probe  
  39  4:37  Pylon  
  41  4:40  Probe  
  41  4:43  Stalker  
  44  4:45  Stalker  
  44  4:51  Probe  
  46  4:54  Assimilator, Observer  
  46  4:55  Probe  
  46  4:59  Probe  
  49  5:07  Probe  
  49  5:09  Probe  
  49  5:16  Stalker x2  
  49  5:19  Probe  
  49  5:20  Probe  
  53  5:29  Probe  
  53  5:30  Probe  
  53  5:31  Probe  
  56  5:36  Forge, Robotics Bay  
  56  5:37  Probe  
  56  5:40  Probe  
  57  5:43  Stalker  
  57  5:44  Probe  
  57  5:48  Stalker  
  57  5:49  Probe  
  64  5:52  Probe  
  64  5:54  Pylon  
  64  5:56  Probe  
  66  6:00  Probe  
  66  6:01  Probe  
  68  6:06  Charge  
  68  6:08  Probe  
  68  6:09  Probe, Protoss Ground Weapons Level 1  
  69  6:13  Probe  
  69  6:16  Pylon  
  71  6:20  Probe  
  71  6:21  Probe  
  71  6:22  Colossus  
  71  6:25  Probe  
  73  6:30  Gateway  
  73  6:31  Gateway  
  73  6:37  Probe x2  
  73  6:38  Probe  
  82  6:49  Gateway, Probe  
  82  6:51  Gateway  
  82  6:52  Probe, Pylon  
  80  6:54  Zealot x2  
  80  6:58  Colossus  
  80  7:01  Gateway x2  
  84  7:06  Pylon  
  83  7:17  Zealot x2  
  93  7:24  Shield Battery  
  93  7:26  Stalker x2  
  96  7:31  Extended Thermal Lance  
  96  7:32  Pylon  
  96  7:34  Pylon  
  96  7:38  Zealot x2  
  100  7:47  Probe  
  101  7:53  Zealot x4  
  101  7:54  Colossus  
  113  8:01  Zealot x3  
  106  8:17  Stalker x3, Zealot x2  
  106  8:19  Probe  
  109  8:22  Zealot x3, Protoss Ground Weapons Level 2  
  109  8:25  Probe  
  109  8:26  Probe  
  117  8:32  Probe  
  111  8:37  Probe  
  111  8:40  Zealot x3  
  117  8:51  Stalker x2  
  117  8:54  Observer, Pylon  
  117  8:55  Pylon  
  117  8:58  Probe x2  
  117  9:14  Stalker x4, Nexus  
  125  9:17  Zealot  
  125  9:20  Pylon  
  125  9:26  Zealot x3  
  125  9:30  Probe x2  
  132  9:38  Probe  
  132  9:43  Stalker x4  
  140  9:50  Zealot, Disruptor  
  140  9:52  Pylon  
  141  9:54  Probe  
  141  9:56  Probe x2  
  141  9:59  Shield Battery  
  136  10:04  Pylon  
  140  10:09  Probe  
  140  10:11  Pylon  
  141  10:15  Zealot x3  
  141  10:16  Disruptor  
  141  10:19  Pylon  
  141  10:21  Shield Battery  
  147  10:28  Assimilator, Probe x2  
  153  10:35  Robotics Facility  
  153  10:36  Pylon  
  153  10:38  Probe x2  
  153  10:39  Zealot x2  
  153  10:41  Disruptor  
  159  10:47  Photon Cannon  
  159  10:49  Shield Battery  
  159  10:52  Zealot x2  
  159  10:53  Zealot  
  169  11:01  Protoss Ground Weapons Level 3  
  169  11:02  Pylon  
  169  11:03  Zealot x4  
  176  11:10  Probe x2  
  170  11:11  Disruptor  
  170  11:16  Zealot x2  
  172  11:23  Disruptor  
  176  11:26  Zealot x4  
  188  11:42  Probe  
  169  11:52  Zealot x5  
  179  11:55  Nexus  
  179  11:56  Disruptor, Pylon  
  183  12:04  Stalker x3  
  184  12:16  Zealot x2  
  169  12:28  Stalker x5  
  169  12:29  Zealot  
  173  12:36  Disruptor  
  159  12:37  Zealot x2  
  159  12:43  Disruptor  
  119  12:51  Zealot x5  
  119  12:55  Zealot  
  131  13:01  Zealot x2  
  131  13:03  Probe x2  
  127  13:10  Colossus, Probe  
  127  13:12  Probe  
  118  13:15  Zealot x3, Probe  
  118  13:16  Zealot x2  
  118  13:19  Probe  
  129  13:20  Probe  
  129  13:26  Colossus, Photon Cannon  
  135  13:29  Shield Battery  
  135  13:35  Zealot x3  
  135  13:41  Zealot x2  
  147  13:49  Zealot  
  147  13:50  Zealot x2  
  147  13:53  Disruptor  
  143  13:57  Zealot  
  143  13:58  Zealot  
  139  14:04  Zealot x3  
  139  14:05  Protoss Ground Armor Level 1  
  139  14:08  Warp Prism  
  143  14:10  Zealot x3  
  143  14:14  Probe x2  
  148  14:18  Zealot  
  148  14:24  Zealot x4  
  144  14:27  Probe  
  144  14:28  Probe  
  150  14:31  Zealot x2  
  150  14:35  Shield Battery  
  150  14:38  Shield Battery, Disruptor  
  154  14:42  Stalker x2  
  162  14:49  Zealot x3  
  168  14:53  Zealot  
  168  14:59  Stalker x2  
  174  15:00  Probe  
  174  15:02  Colossus  
  177  15:07  Zealot x2  
  177  15:12  Zealot x2  
  174  15:20  Zealot x2  
Show
View Real Time Build Order
Export as new Build Order

LiquidClem Terran - Winner!

Build Orders:  

Get SALT Encoding   

  12  0:00  SCV  
  13  0:12  SCV  
  14  0:17  Supply Depot  
  14  0:24  SCV  
  15  0:39  SCV  
  15  0:40  Barracks  
  16  0:43  Refinery  
  16  0:51  SCV  
  16  0:53  Refinery  
  17  1:03  SCV  
  18  1:15  SCV  
  19  1:28  Reaper  
  19  1:29  Supply Depot, Orbital Command  
  20  1:41  Factory  
  20  1:54  SCV  
  20  2:01  Barracks Reactor  
  21  2:06  SCV  
  22  2:18  Command Center  
  22  2:19  SCV  
  23  2:26  Hellion  
  25  2:33  Supply Depot  
  25  2:35  SCV  
  26  2:40  Reaper x2  
  28  2:48  SCV  
  28  2:49  Hellion  
  31  3:00  Starport, SCV  
  31  3:12  Marine x2, SCV  
  34  3:16  Factory Tech Lab  
  34  3:24  SCV  
  35  3:29  Marine x2  
  37  3:36  SCV  
  37  3:40  Cyclone  
  41  3:42  Orbital Command  
  41  3:45  Medivac  
  43  3:49  SCV  
  43  3:50  Marine  
  43  3:51  Marine  
  43  4:01  SCV  
  42  4:08  SCV  
  42  4:12  Siege Tank  
  42  4:13  SCV  
  42  4:14  Barracks  
  42  4:15  Marine  
  46  4:18  Marine  
  46  4:20  Starport Tech Lab, SCV  
  46  4:22  Bunker  
  48  4:26  Supply Depot  
  48  4:27  SCV  
  49  4:33  SCV  
  49  4:34  Marine  
  49  4:35  Marine  
  52  4:39  Refinery, SCV  
  53  4:48  Supply Depot  
  53  4:49  SCV  
  53  4:50  Raven  
  53  4:52  SCV  
  57  4:56  Marine x2  
  57  4:59  Barracks  
  59  5:01  SCV  
  59  5:04  SCV  
  61  5:12  Siege Tank  
  61  5:13  SCV  
  64  5:16  SCV  
  64  5:22  Marine x2  
  64  5:25  Engineering Bay, SCV  
  64  5:27  Supply Depot  
  64  5:28  SCV  
  63  5:29  Refinery  
  63  5:37  SCV  
  63  5:38  Engineering Bay  
  63  5:39  Stimpack  
  63  5:40  Marine x2, SCV  
  69  5:43  Marauder  
  69  5:49  SCV  
  70  5:52  SCV, Terran Infantry Weapons Level 1  
  70  5:54  Supply Depot  
  70  5:55  Factory Reactor  
  70  5:57  Marauder  
  73  5:58  Marine x2  
  73  6:03  Combat Shield  
  75  6:06  SCV  
  75  6:07  SCV  
  75  6:10  Supply Depot  
  77  6:16  Starport Reactor, Marauder  
  79  6:22  Marine x2, Command Center  
  81  6:26  Marauder  
  81  6:32  Supply Depot  
  83  6:33  Widow Mine  
  83  6:34  Supply Depot  
  83  6:39  Widow Mine  
  86  6:41  Marine  
  86  6:43  Marine  
  86  6:54  Marauder x2, Medivac x2  
  94  6:58  Supply Depot  
  94  7:00  Widow Mine, Marine  
  97  7:03  Supply Depot, Barracks  
  97  7:04  Barracks  
  97  7:06  Marine  
  97  7:07  Widow Mine  
  100  7:15  Marine  
  101  7:17  Barracks  
  101  7:18  Barracks, SCV  
  101  7:19  SCV  
  103  7:26  Widow Mine  
  103  7:28  Marine  
  103  7:29  Marine  
  107  7:30  SCV  
  107  7:31  Widow Mine  
  107  7:33  SCV  
  107  7:35  Supply Depot  
  107  7:36  Marauder  
  113  7:39  Marauder  
  113  7:42  SCV  
  115  7:45  SCV  
  115  7:46  Marine  
  116  7:54  SCV  
  116  7:57  Marine, SCV  
  116  8:00  Marauder  
  116  8:03  Widow Mine x2  
  122  8:05  Orbital Command  
  122  8:06  SCV  
  116  8:13  Viking  
  116  8:15  Marine  
  116  8:16  Barracks Reactor, Barracks Tech Lab, Marine x2  
  116  8:19  SCV  
  112  8:23  Marauder, SCV  
  115  8:31  SCV  
  115  8:33  Marine  
  115  8:34  Widow Mine x2  
  114  8:35  Marauder, Viking  
  114  8:38  Marine  
  114  8:39  Marauder  
  114  8:40  SCV  
  120  8:42  Terran Infantry Armor Level 1  
  120  8:46  Marauder  
  120  8:48  SCV  
  123  8:52  Marine, Viking  
  123  8:53  Marine x2  
  123  8:56  Marauder  
  123  8:57  Barracks Reactor, Barracks Tech Lab  
  123  9:01  Barracks Tech Lab  
  123  9:02  Ghost Academy  
  121  9:03  Widow Mine x2  
  121  9:04  Marine  
  125  9:10  Refinery  
  125  9:11  Refinery, Missile Turret  
  125  9:13  Supply Depot  
  125  9:15  Marine, Marauder  
  128  9:17  Marauder  
  128  9:20  Marine  
  128  9:23  Marauder  
  128  9:24  Marauder x2  
  137  9:25  Marine  
  137  9:27  Medivac  
  140  9:34  Supply Depot, Medivac  
  140  9:36  Supply Depot  
  140  9:37  Marine x2  
  142  9:39  Concussive Shells  
  142  9:41  Widow Mine x2  
  142  9:44  Ghost  
  142  9:45  Marine  
  148  9:55  Ghost  
  148  9:57  Command Center  
  151  10:02  Missile Turret  
  151  10:06  Viking  
  151  10:07  Missile Turret  
  153  10:08  Viking  
  153  10:11  Starport  
  155  10:14  Supply Depot  
  155  10:15  Ghost  
  155  10:19  Marauder  
  160  10:23  Ghost  
  160  10:24  Missile Turret  
  163  10:31  Supply Depot  
  163  10:32  Marine x2  
  165  10:35  Ghost  
  165  10:40  Missile Turret, Viking x2  
  172  10:50  Marine  
  172  10:52  Marine x3, Ghost  
  172  10:53  Supply Depot, Viking  
  180  11:05  Supply Depot  
  180  11:08  Marauder  
  180  11:09  Marauder, Viking x2  
  180  11:10  Marauder x2  
  190  11:15  Marine  
  191  11:20  SCV  
  191  11:21  Marauder  
  191  11:22  SCV  
  195  11:26  Medivac  
  195  11:27  Medivac  
  195  11:29  Marine  
  200  11:44  Marine  
  200  11:45  Marauder  
  200  11:49  Planetary Fortress, Armory  
  200  11:50  Missile Turret, Engineering Bay  
  200  11:54  Command Center  
  200  12:03  Marauder  
  200  12:17  Medivac  
  200  12:19  Marine  
  200  12:21  Medivac  
  200  12:22  Marine  
  191  12:24  Marine, Marauder  
  191  12:25  Marine x2  
  191  12:26  Marauder x2  
  191  12:29  Medivac  
  198  12:32  Marauder  
  198  12:35  Medivac  
  198  12:37  Marine  
  199  12:40  Marine, SCV x2  
  199  12:41  SCV  
  199  12:42  Marine x2  
  199  12:43  Marauder  
  188  12:45  Marine  
  188  12:46  Marine  
  188  12:47  Marine, Medivac  
  175  12:53  Marine  
  175  12:54  Marine  
  175  12:57  Marine  
  176  12:59  Terran Infantry Weapons Level 2  
  176  13:00  Marine x2  
  176  13:02  Medivac  
  176  13:03  Marauder  
  176  13:04  Ghost  
  176  13:05  Marauder  
  171  13:06  Ghost  
  171  13:11  Terran Infantry Armor Level 2  
  171  13:12  SCV  
  164  13:13  Marine  
  164  13:17  SCV x2  
  164  13:18  SCV  
  167  13:23  Ghost  
  167  13:24  SCV  
  171  13:29  Marine x3, SCV  
  171  13:30  Marine  
  171  13:32  SCV  
  176  13:38  Ghost  
  176  13:40  Ghost  
  176  13:43  Marine  
  176  13:47  Terran Ship Weapons Level 1  
  177  13:50  Marine  
  177  13:51  Marine x2  
  177  13:52  Planetary Fortress  
  177  13:53  SCV  
  177  13:54  SCV x2  
  177  13:55  Marauder  
  183  13:56  Marauder  
  183  13:57  Marine  
  183  14:01  Marine  
  184  14:07  Marauder  
  184  14:09  Marauder  
  181  14:10  Marine x3  
  181  14:16  Fusion Core, Marauder x2  
  187  14:17  Viking  
  187  14:19  Viking  
  187  14:22  Viking  
  191  14:27  Viking  
  191  14:29  Marauder x2  
  197  14:32  Marauder  
  197  14:36  Marine  
  198  14:39  Marine x2  
  198  14:43  Missile Turret, Command Center  
  196  15:05  Viking  
  196  15:06  Marauder  
  199  15:14  Marine  
  199  15:15  Marine  
  199  15:21  Marine, Viking  
  198  15:23  Marauder  
  198  15:26  Marine  
  198  15:28  Marine x2, Marauder  
Tags
 
Add a new tag
Caveats
  • Supply blocks, unpowered buildings, or Contaminate may cause inaccurate times.
  • Supply counts are checked every 10 seconds.